 Dungeon Sprint DCSS version 0.30-a0-1161-g0704695555 (webtiles) character file.

Game seed: 15590868164745962415

4300000 123456 the Ninja (level 22, -47/249 HPs)
             Began as an Armataur Wanderer on Apr 27, 2023.
             Was the Champion of Makhleb.
             Annihilated by a destroyer
             ... wielding a +9 heavy great sword
              (141 damage)
             ... in the Dungeon (Sprint VIII: "Arena of Blood").
             The game lasted 00:01:08 (43 turns).

123456 the Ninja (Armataur Wanderer)                  Turns: 43, Time: 00:01:09

Health: -47/249    AC:  8    Str: 18    XL:     22   Next: 28%
Magic:  9/53       EV: 18    Int:  8    God:    Makhleb [******]
Gold:   0          SH:  0    Dex: 25    Spells: 74/75 levels left

rFire   . . .        l - +∞ Axe of Woe
rCold   . . .        (shield currently unavailable)
rNeg    . . .        e - +0 leather armour
rPois   .            (no helmet)
rElec   .            (no cloak)
rCorr   .            (no gloves)
SInv    .            (no barding)
Will    +....        (no amulet)
Stlth   ++++++++++   (no ring)
HPRegen 0.61/turn    (no ring)
MPRegen 0.33/turn

%: no teleportation, roll
@: no status effects
A: large, rugged brown scales 3, deformed body, armoured tail, roll, long
tongue, awkward tongue
a: Renounce Religion, Minor Destruction, Lesser Servant of Makhleb, Major
Destruction, Greater Servant of Makhleb


You were in the Dungeon.
You worshipped Makhleb.
Makhleb was exalted by your worship.
You visited 1 branch

Inventory:

Hand Weapons
 a - a +2 dagger
 l - the +∞ Axe of Woe (weapon)
   (You found it in the Dungeon)
Armour
 e - a +0 leather armour (worn)
Scrolls
 b - a scroll of fear
 c - a scroll of fog
 k - a scroll of blinking
Potions
 d - a potion of lignification
 f - a potion of curing
 g - a potion of heal wounds
 h - a potion of haste
 i - 2 potions of magic
 j - a potion of berserk rage


   Skills:
 O Level 27 Fighting
 + Level 11.8(13.5) Short Blades
 + Level 10.6(12.9) Long Blades
 O Level 27 Axes
 + Level 10.6(22.5) Maces & Flails
 + Level 9.7(20.8) Polearms
 + Level 10.6(14.0) Staves
 + Level 8.9 Ranged Weapons
 + Level 11.8 Throwing
 O Level 27 Armour
 + Level 10.0 Dodging
 O Level 27 Stealth
 + Level 13.9 Shields
 + Level 11.8 Unarmed Combat
 O Level 27 Spellcasting
 + Level 11.8 Conjurations
 O Level 27 Hexes
 + Level 10.9 Summonings
 + Level 10.9 Necromancy
 + Level 12.8 Translocations
 + Level 11.8 Transmutations
 + Level 11.8 Fire Magic
 + Level 11.8 Ice Magic
 + Level 11.8 Air Magic
 + Level 11.8 Earth Magic
 + Level 11.8 Poison Magic
 + Level 12.8 Invocations
 O Level 27 Evocations


You had 74 spell levels left.
You knew the following spells:

 Your Spells              Type           Power      Damage    Failure   Level
a - Slow                  Hex            100%       N/A       0%          1

Your spell library contained the following spells:

 Spells                   Type           Power      Damage    Failure   Level
 Portal Projectile        Hex/Tloc       84%        N/A       0%          3


Dungeon Overview and Level Annotations

Branches:
Dungeon (1/1)

Altars:
Makhleb


Innate Abilities, Weirdness & Mutations

You are completely covered in rugged brown scales. (AC +3, +7% HP)
Armour fits poorly on your strangely shaped body.
You have a long armoured tail.
You roll when moving toward enemies. (Rampage)
Your long tongue fully drains potion bottles. (2x potion effects)
Your tongue gives you trouble enunciating. (1.5x scroll delay)


Message History

Your Poison Magic skill increases to level 11!
Your Invocations skill increases to level 12!
You have reached level 22!
Unknown command.
Really roll into that cloud of flame?
Okay, then.
Unknown command.
Unknown command.
Unknown command.
Really roll into that cloud of flame?
You roll towards the destroyer!
A large bag of meat comes into view. It is wielding a +9 giant spiked club.
You hit the destroyer but do no damage.
You pulverise the destroyer into a thin bloody mist.
You destroy the destroyer!
Makhleb accepts your kill.
You feel better.
You are engulfed in blazing flames.
You hear a shout! x6
The destroyer points at you and mumbles some strange words.
The destroyer blinks!
You hear a shout!
Your Dodging skill increases to level 10!
Unknown command.
Unknown command.
Unknown command.
You roll towards the meat berserker!
A bag of meat comes into view. It is wielding a +9 war axe.
A destroyer comes into view. It is wielding a +9 heavy great sword.
You hear a shout! x4
The bag of meat hits you with a +9 war axe!!
You hear a shout!
The meat berserker hits you with a +9 battleaxe!!!
You hear a shout!
The destroyer points at you and mumbles some strange words.
The destroyer blinks!
You hear a shout!
The destroyer is engulfed in blazing flames.
The destroyer hits you with a +9 heavy great sword!!!!
Ouch! That really hurt!
You die...

......§._.......o.
.....#.....#......
.....#_.<._#......
.....#.....#......
...§...._.........
.V...§###§.......
.###..)§)).###...
§ #.))V)☼.# ..
....#§§§)@OV#..
.....☼☼○§)o..z.o..
......§§§........#
................#.
.....O........##..
....#........#§...
.............#...
..O##.#....... ..
...........


You could see 3 destroyers, a sculptor of flesh, 2 meat berserkers and 2 bags of
meat.

Vanquished Creatures
  8 vampire knights (D)
  12 ogres (D)
  4 two-headed ogres (D)
  A hydra (D)
  28 orcs (D)
53 creatures vanquished.

Notes
Turn   | Place    | Note
-------+----------+-------------------------------------------
     0 | D        | Found the +∞ Axe of Woe
     0 | D        | 123456 the Armataur Wanderer began the quest for the Orb.
     0 | D        | 123456 set off with the following items: a +2 dagger, a
                  | scroll of fear, a scroll of fog, a potion of lignification,
                  | a +0 leather armour, a potion of curing, a potion of heal
                  | wounds, a potion of haste, 2 potions of magic, a potion of
                  | berserk rage, a scroll of blinking; and the following spell
                  | memorised: Slow; and the following spells available to
                  | memorise: Portal Projectile.
     0 | D        | Reached XP level 1. HP: 17/17 MP: 2/2
     2 | D        | Noticed a bag of meat
     2 | D        | Noticed a bag of meat
     3 | D        | Noticed a bag of meat
     4 | D        | Became a worshipper of Makhleb the Destroyer
     5 | D        | Noticed a bag of meat
     6 | D        | Noticed a meat berserker
     6 | D        | Noticed a bag of meat
     6 | D        | Noticed a meat berserker
     7 | D        | Killed a bag of meat
     7 | D        | Noticed a bag of meat
     7 | D        | Noticed a bag of meat
     8 | D        | Reached XP level 2. HP: 15/27 MP: 2/6
     8 | D        | Reached XP level 3. HP: 19/33 MP: 2/8
     8 | D        | Reached XP level 4. HP: 23/40 MP: 2/9
     8 | D        | Reached XP level 5. HP: 27/48 MP: 2/10
     8 | D        | Reached XP level 6. HP: 31/54 MP: 2/11
     8 | D        | Reached XP level 7. HP: 34/60 MP: 2/12
     8 | D        | Reached XP level 8. HP: 38/67 MP: 2/13
     8 | D        | Reached XP level 9. HP: 42/74 MP: 2/14
     8 | D        | Reached XP level 10. HP: 47/82 MP: 2/15
     8 | D        | Noticed a bag of meat
     8 | D        | Noticed a bag of meat
     8 | D        | Noticed a bag of meat
     8 | D        | Noticed a large bag of meat
     8 | D        | Killed a meat berserker
     8 | D        | Reached * piety under Makhleb
     8 | D        | Noticed a bag of meat
     8 | D        | Noticed a bag of meat
     8 | D        | Noticed a bag of meat
     8 | D        | Noticed a bag of meat
     9 | D        | Reached skill level 27 in Stealth
     9 | D        | Reached XP level 11. HP: 58/100 MP: 2/22
     9 | D        | Reached XP level 12. HP: 63/108 MP: 2/23
     9 | D        | Killed a bag of meat
     9 | D        | Killed a meat berserker
     9 | D        | Noticed a meat berserker
    10 | D        | Reached skill level 10 in Fighting
    10 | D        | Reached skill level 10 in Armour
    10 | D        | Reached XP level 13. HP: 71/121 MP: 2/26
    10 | D        | Killed a bag of meat
    10 | D        | Reached ** piety under Makhleb
    10 | D        | Noticed a bag of meat
    10 | D        | Noticed a bag of meat
    11 | D        | Reached skill level 10 in Spellcasting
    11 | D        | Reached XP level 14. HP: 104/132 MP: 2/28
    11 | D        | Noticed a meat berserker
    11 | D        | Killed a meat berserker
    11 | D        | Killed a bag of meat
    11 | D        | Noticed a bag of meat
    12 | D        | Killed a bag of meat
    12 | D        | Reached *** piety under Makhleb
    12 | D        | Killed a bag of meat
    12 | D        | Killed a bag of meat
    12 | D        | Killed a bag of meat
    12 | D        | Reached **** piety under Makhleb
    12 | D        | Killed a bag of meat
    12 | D        | Noticed a meat berserker
    12 | D        | Noticed a meat berserker
    12 | D        | Noticed a bag of meat
    13 | D        | Reached skill level 10 in Evocations
    13 | D        | Reached XP level 15. HP: 154/154 MP: 3/31
    13 | D        | Killed a large bag of meat
    13 | D        | Reached ***** piety under Makhleb
    13 | D        | Noticed a meat berserker
    14 | D        | Reached XP level 16. HP: 43/170 MP: 3/33
    14 | D        | Killed a meat berserker
    15 | D        | Reached skill level 15 in Armour
    15 | D        | Noticed a meat berserker
    16 | D        | Reached XP level 17. HP: 88/181 MP: 3/34
    16 | D        | Noticed a meat berserker
    17 | D        | Reached skill level 27 in Axes
    17 | D        | Killed a meat berserker
    18 | D        | Killed a meat berserker
    19 | D        | Noticed a large bag of meat
    19 | D        | Reached ****** piety under Makhleb
    20 | D        | Reached XP level 18. HP: 134/207 MP: 4/36
    20 | D        | Killed a meat berserker
    21 | D        | Reached skill level 15 in Spellcasting
    21 | D        | Killed a meat berserker
    21 | D        | Noticed a destroyer
    22 | D        | Reached skill level 27 in Fighting
    22 | D        | Reached skill level 27 in Hexes
    24 | D        | Noticed a meat berserker
    24 | D        | Killed a large bag of meat
    25 | D        | Reached XP level 19. HP: 161/221 MP: 5/42
    25 | D        | Noticed a large bag of meat
    25 | D        | Noticed a destroyer
    25 | D        | Noticed a destroyer
    26 | D        | Killed a meat berserker
    26 | D        | Killed a destroyer
    26 | D        | Noticed an eight-headed meat hydra
    26 | D        | Noticed a destroyer
    27 | D        | Reached skill level 27 in Armour
    27 | D        | Killed a destroyer
    27 | D        | Noticed a meat berserker
    28 | D        | Reached skill level 27 in Evocations
    28 | D        | Killed a destroyer
    28 | D        | Killed a destroyer
    29 | D        | Reached skill level 27 in Spellcasting
    29 | D        | Reached XP level 20. HP: 117/231 MP: 6/51
    30 | D        | Reached skill level 5 in Shields
    30 | D        | Reached skill level 5 in Translocations
    30 | D        | Reached skill level 5 in Invocations
    30 | D        | Killed a meat berserker
    30 | D        | Noticed a large bag of meat
    31 | D        | Reached skill level 5 in Short Blades
    31 | D        | Reached skill level 5 in Long Blades
    31 | D        | Reached skill level 5 in Maces & Flails
    31 | D        | Reached skill level 5 in Staves
    31 | D        | Reached skill level 5 in Throwing
    31 | D        | Reached skill level 5 in Unarmed Combat
    31 | D        | Reached skill level 5 in Conjurations
    31 | D        | Reached skill level 5 in Summonings
    31 | D        | Reached skill level 5 in Necromancy
    31 | D        | Reached skill level 5 in Transmutations
    31 | D        | Reached skill level 5 in Fire Magic
    31 | D        | Reached skill level 5 in Ice Magic
    31 | D        | Reached skill level 5 in Air Magic
    31 | D        | Reached skill level 5 in Earth Magic
    31 | D        | Reached skill level 5 in Poison Magic
    31 | D        | Noticed a destroyer
    31 | D        | Killed a destroyer
    31 | D        | Noticed a destroyer
    32 | D        | Reached skill level 5 in Polearms
    32 | D        | Reached skill level 5 in Ranged Weapons
    32 | D        | Killed a destroyer
    33 | D        | Reached XP level 21. HP: 239/239 MP: 7/52
    34 | D        | Reached skill level 10 in Shields
    35 | D        | Reached skill level 10 in Translocations
    35 | D        | Reached skill level 10 in Invocations
    36 | D        | Noticed a destroyer
    36 | D        | Killed a large bag of meat
    38 | D        | Noticed a destroyer
    39 | D        | Noticed a destroyer
    39 | D        | Killed a large bag of meat
    40 | D        | Reached skill level 10 in Short Blades
    40 | D        | Reached skill level 10 in Throwing
    40 | D        | Reached skill level 10 in Unarmed Combat
    40 | D        | Reached skill level 10 in Conjurations
    40 | D        | Reached skill level 10 in Transmutations
    40 | D        | Reached skill level 10 in Fire Magic
    40 | D        | Reached skill level 10 in Ice Magic
    40 | D        | Reached skill level 10 in Air Magic
    40 | D        | Reached skill level 10 in Earth Magic
    40 | D        | Reached skill level 10 in Poison Magic
    40 | D        | Killed a destroyer
    40 | D        | Noticed a destroyer
    41 | D        | Reached skill level 10 in Summonings
    41 | D        | Reached skill level 10 in Necromancy
    41 | D        | Noticed a destroyer
    42 | D        | Reached skill level 10 in Long Blades
    42 | D        | Reached skill level 10 in Maces & Flails
    42 | D        | Reached skill level 10 in Staves
    42 | D        | Reached XP level 22. HP: 140/249 MP: 9/53
    42 | D        | Noticed a large bag of meat
    42 | D        | Killed a destroyer
    43 | D        | Reached skill level 10 in Dodging
    43 | D        | Noticed a destroyer
    43 | D        | Annihilated by a destroyer

Illustrated notes

Levels and vault maps discovered:
D:        meatsprint

Skill      XL: |  1  2  3  4  5  6  7  8  9 10 11 12 13 14 15 16 17 18 19 20 21 22 |
---------------+-------------------------------------------------------------------+-----
Fighting       | 3 7 10 11 16 18 19 25 27 | 27.0
Axes           | 3 8 13 14 21 24 26 27 | 27.0
Armour         | 4 7 10 13 14 15 17 25 27 | 27.0
Stealth        | 26 27 | 27.0
Spellcasting   | 3 7 9 10 12 13 14 19 27 | 27.0
Hexes          | 8 13 17 18 21 22 23 25 27 | 27.0
Evocations     | 2 4 7 10 11 14 20 27 | 27.0
Short Blades   | 8 11 | 11.8
Long Blades    | 7 10 | 10.6
Maces & Flails | 7 10 | 10.6
Polearms       | 6 9 |  9.7
Staves         | 7 10 | 10.6
Ranged Weapons | 6 8 |  8.9
Throwing       | 8 11 | 11.8
Dodging        | 6 9 10 | 10.0
Shields        | 9 13 | 13.9
Unarmed Combat | 8 11 | 11.8
Conjurations   | 8 11 | 11.8
Summonings     | 7 10 | 10.9
Necromancy     | 7 10 | 10.9
Translocations | 9 12 | 12.8
Transmutations | 8 11 | 11.8
Fire Magic     | 8 11 | 11.8
Ice Magic      | 8 11 | 11.8
Air Magic      | 8 11 | 11.8
Earth Magic    | 8 11 | 11.8
Poison Magic   | 8 11 | 11.8
Invocations    | 9 12 | 12.8

Action                     |  1- 3 |  4- 6 |  7- 9 | 10-12 | 13-15 | 16-18 | 19-21 | 22-24 || total
---------------------------+-------+-------+-------+-------+-------+-------+-------+-------++-------
  Melee: Executioner's axe |     1 |       |       |     2 |     4 |    11 |    15 |     1 ||    34
  Dodge: Dodged            |       |       |       |     1 |       |       |       |       ||     1

Table legend: (Time is in decaauts)
 A = Elapsed time spent in this place.
 B = Non-inter-level travel time spent in this place.
 C = Inter-level travel time spent in this place.
 D = Time resting spent in this place.
 E = Time spent auto-exploring this place.
 F = Levels seen in this place.
 G = Mean time per level.
                   A        B        C        D        E       F      G
               +--------+--------+--------+--------+--------+-----+--------+
         Total |     36 |     36 |      0 |      0 |      0 |   1 |   36.0 |
       Dungeon |     36 |     36 |      0 |      0 |      0 |   1 |   36.0 |
               +--------+--------+--------+--------+--------+-----+--------+

Top non-repeatable levels by time:
       D: 36 daAuts
